 Dungeon Crawl Stone Soup version 0.18.1-5-g4a78601 (webtiles) character file.

650660 kae the Axe Maniac (level 27, -50/235 HPs)
             Began as a Deep Dwarf Fighter on May 14, 2016.
             Was the Champion of Makhleb.
             Killed from afar by an orb of fire (54 damage)
             ... with a fireball
             ... on level 5 of the Realm of Zot.
             The game lasted 02:24:04 (54611 turns).

kae the Axe Maniac (Deep Dwarf Fighter)            Turns: 54611, Time: 02:24:05

Health: -50/235    AC: 45    Str: 21    XL:     27
Magic:  0/21       EV: 23    Int: 12    God:    Makhleb [******]
Gold:   6741       SH: 26    Dex: 24    Spells: 0 memorised, 26 levels left

rFire  . . .     SeeInvis .     a - +9 broad axe (flame)
rCold  + + .     Gourm    .     W - +13 plate armour of Supple Strength {rC+}
rNeg   + + +     Faith    +     k - +2 large shield
rPois  +         Spirit   +     T - +2 hat of the Bear Spirit {Spirit, +Rage rN+ MR++}
rElec  +         Dismiss  .     t - +2 cloak
rCorr  .         Reflect  .     J - +1 pair of gloves of the Seven Souls {rElec Slay+2}
SustAt .         Harm     .     V - +0 pair of boots of Serendipity {rC+ Dex+3}
MR     +++++                    N - amulet of faith
Stlth  ..........               A - ring of poison resistance
                                g - ring of Yqayff {+Fly rN+ Dex+4}

@: non-regenerating, almost entirely resistant to hostile enchantments,
extremely unstealthy
A: damage resistance, recharge devices, horns 1, slimy green scales 1, clumsy 1,
deterioration 2, frail 1, low mp 2, negative energy resistance 1, sense
surroundings 3, slow regeneration 3, weak 1, evolution 1, MP-powered wands
a: Device Recharging, Minor Destruction, Lesser Servant of Makhleb, Major
Destruction, Greater Servant of Makhleb, Renounce Religion, Evoke Berserk Rage,
Evoke Flight
}: 3/15 runes: decaying, silver, gossamer


You were on level 5 of the Realm of Zot.
You worshipped Makhleb.
Makhleb was exalted by your worship.
You were not hungry.

You visited 9 branches of the dungeon, and saw 51 of its levels.
You visited 1 bazaar.
You also visited: Labyrinth, Ossuary, Bailey, Ice Cave and Volcano.

You collected 8359 gold pieces.
You spent 1618 gold pieces at shops.

Inventory:

Hand Weapons
 a - a +9 broad axe of flaming (weapon)
 b - the +3 war axe "Astocse" {freeze, *Corrode rElec Int+2 Dex+6}
   (You bought it in a shop on level 2 of the Orcish Mines)

   It has been specially enchanted to freeze those struck by it, causing extra
   injury to most foes and up to half again as much damage against particularly
   susceptible opponents.
   It can also slow down cold-blooded creatures.
   It affects your intelligence (+2).
   It affects your dexterity (+6).
   It insulates you from electricity.
   It may corrode you when you take damage.
 y - the +11 battleaxe "Gohiri Pyodgh" {drain, -Tele +Inv rElec rF-}
   (You found it on level 4 of the Realm of Zot)

   A truly terrible weapon, it drains the life of those it strikes.
   It makes you vulnerable to fire.
   It insulates you from electricity.
   It lets you turn invisible.
   It prevents most forms of teleportation.
Armour
 c - a +5 shield
 k - a +2 large shield (worn)
 t - a +2 cloak (worn)
 J - the +1 pair of gloves of the Seven Souls (worn) {rElec Slay+2}
   (You found it on level 8 of the Lair of Beasts)

   It affects your accuracy and damage with ranged weapons and melee attacks
   (+2).
   It insulates you from electricity.
 T - the +2 hat of the Bear Spirit (worn) {Spirit, +Rage rN+ MR++}
   (You found it in a labyrinth)

   It protects you from negative energy.
   It affects your resistance to hostile enchantments.
   It lets you go berserk.
 V - the +0 pair of boots of Serendipity (worn) {rC+ Dex+3}
   (You found it on level 10 of the Dungeon)

   It affects your dexterity (+3).
   It protects you from cold.
 W - the +13 plate armour of Supple Strength (worn) {rC+}
   (You found it in a labyrinth)

   It protects you from cold.
Jewellery
 g - the ring of Yqayff (left hand) {+Fly rN+ Dex+4}
   (You found it on level 3 of the Elven Halls)

   [ring of dexterity]

   It affects your dexterity (+4).
   It protects you from negative energy.
   It lets you fly.
 h - a +5 ring of slaying
 u - an uncursed ring of see invisible
 A - a ring of poison resistance (right hand)
 D - a +3 ring of strength {unknown}
 N - an amulet of faith (around neck)
Wands
 e - a wand of heal wounds (0/9)
 M - a wand of teleportation (4/9)
 S - a wand of hasting (3/9)
 Z - a wand of digging (5/24)
Scrolls
 l - 25 scrolls of remove curse
 m - 3 scrolls of silence
 n - 15 scrolls of teleportation
 o - a scroll of recharging
 w - 14 scrolls of identify
 B - a scroll of summoning
 I - 5 scrolls of blinking
 K - 5 scrolls of fear
 P - 8 scrolls of magic mapping
Potions
 i - 2 potions of ambrosia
 j - 4 potions of cancellation
 p - 2 potions of berserk rage
 q - 10 potions of heal wounds
 v - 6 potions of lignification
 x - 5 potions of cure mutation
 C - 3 potions of invisibility
 E - 3 potions of resistance
 F - 18 potions of curing
 G - 2 potions of agility
 Q - 2 potions of magic
 U - 12 potions of haste
 X - 4 potions of might
Books
 s - a book of Envenomations

   Spells                             Type                      Level
   a - Spider Form                    Transmutation/Poison         3
   b - Olgreb's Toxic Radiance        Poison                       4
   c - Alistair's Intoxication        Transmutation/Poison         5
   d - Poisonous Cloud                Conjuration/Poison/Air       6
Comestibles
 d - 3 fruits
 f - 26 bread rations


   Skills:
 - Level 18.6 Fighting
 O Level 27 Axes
 + Level 20.8 Armour
 + Level 20.8 Dodging
 - Level 22.0 Shields
 - Level 16.0 Invocations
 - Level 8.0 Evocations


You had 26 spell levels left.
You didn't know any spells.

Dungeon Overview and Level Annotations

Branches:
Dungeon (15/15)            Temple (0/1) D:4            Lair (8/8) D:9
  Swamp (4/4) Lair:3       Spider (4/4) Lair:5        Slime (0/6) Lair:8
    Orc (2/2) D:10            Elf (3/3) Orc:2        Vaults (5/5) D:14
  Crypt (0/3) Vaults:3     Depths (5/5) D:15            Zot (5/5) Depths:5

Altars:
Ashenzari
Elyvilon
Fedhas
Gozag
Kikubaaqudgha
Makhleb
Nemelex Xobeh
Okawaru
Qazlal
Sif Muna
Vehumet
Xom
Yredelemnul
Zin
Beogh
Jiyva
Lugonu

Shops:
D:8 [**   D:10 }   Orc:2 [(::   Elf:3 ?   Vaults:2 [[[   Depths:3 %

Portals:
Hell: Lair:8 Depths:1 Depths:2 Depths:3 Depths:4 Depths:5
Abyss: Depths:3 Depths:4
Pandemonium: Depths:2 Depths:3 Depths:4
Ziggurat: Depths:1

Annotations:
D:14 exclusion: Roxanne, Roxanne
Lair:8 3 exclusions


Innate Abilities, Weirdness & Mutations

You are resistant to damage.
You can recharge devices by infusing magical energy.
You resist negative energy.
You passively map a large area around you.
You do not regenerate naturally.
You have a pair of small horns on your head.
You are partially covered in slimy green scales (AC +2).
You are clumsy. (Dex -2)
Your body often deteriorates upon taking damage.
You are frail (-10% HP).
Your magical capacity is very low (-20% MP).
You are weak. (Str -2)
You evolve.
You expend magic power (3 MP) to strengthen your wands.


Message History

* * * LOW HITPOINT WARNING * * *
The fireball engulfs the orb of fire.
The orb of fire completely resists.
Unknown command.
Evoke which item? (* to show all) (? for menu, Esc to quit)
Okay, then.
Drink which item? (? for menu, Esc to quit)
You feel much better.
The orb of fire glows deep purple.
The fireball explodes!
The fireball engulfs you!
* * * LOW HITPOINT WARNING * * *
The fireball engulfs the orb of fire.
The orb of fire completely resists.
Drink which item? (? for menu, Esc to quit)
You feel much better.
The orb of fire emits a lurid red light.
The fireball explodes!
The fireball engulfs you!
* * * LOW HITPOINT WARNING * * *
The fireball engulfs the orb of fire.
The orb of fire completely resists.
The orb of fire glows bright magenta.
The fireball explodes!
The fireball engulfs you!
You die...

*...............# ##..........
*#.............## ##.^.........
#.............# ##^..(........
##...........## #......^......
#...........# #.............
*#...........## #....[........
#.............# #^............
*#............*## #.......^.....
**,....^........@###...(..)......
*,,,###########...###..)[).....^.
,,,** ##....##..))......^ ,***
###.....)))..[.... **
#▓▓▓▓▓##▓▓▓###.. *
*▓▓▓........... ***
**▓.............. ,,**
**................ ,,,* *********
*,................


You could see an orb of fire.

Vanquished Creatures
  2 orbs of fire (Zot:5)
  Mara (Depths:1)
  4 ancient liches (Zot:5)
  2 juggernauts
  the Lernaean hydra (Swamp:4)
  Saint Roka (Orc:2)
  13 golden dragons
  2 curse toes
  Xtahua (Depths:4)
  the Enchantress (Depths:2)
  A bone dragon (Zot:2)
  7 electric golems
  A large abomination (Vaults:4)
  Jorgrun (Depths:5)
  30 tentacled monstrosities
  A lich (Vaults:4)
  3 deep elf blademasters
  11 Orb Guardians (Zot:5)
  2 titans
  A quicksilver dragon (Zot:2)
  2 deep elf master archers (Elf:3)
  9 death cobs
  Frances (D:14)
  Kirke (Lair:5)
  8 tengu reavers
  13 storm dragons
  4 sphinxes
  4 thorn hunters
  5 draconian monks
  10 shadow dragons
  Wiglaf (Depths:3)
  6 frost giants
  13 fire giants
  8 draconian knights
  Maud (Lair:5)
  6 draconian scorchers
  3 draconian zealots
  An orc warlord (Vaults:5)
  2 emperor scorpions
  7 draconian shifters
  8 ghost moths
  3 deep elf elementalists
  10 deep elf sorcerers
  18 vault wardens
  A ghoul (Vaults:1)
  7 draconian annihilators
  A war gargoyle (Vaults:5)
  A cacodemon (Depths:2)
  13 ironheart preservers
  27 very ugly things
  18 stone giants
  5 spriggan defenders
  4 draconian callers
  12 green draconians
  A vampire knight (Depths:5)
  18 mottled draconians
  6 black draconians
  5 salamander stormcallers
  5 purple draconians
  9 deep elf annihilators
  5 deep elf demonologists
  9 white draconians
  15 spark wasps
  6 crystal guardians (Elf:3)
  14 red draconians
  6 yellow draconians
  2 blizzard demons (IceCv)
  A minotaur (Lab)
  9 ettins
  7 deep elf death magi
  35 vault guards
  8 deep elf high priests
  20 fire dragons
  A green death (Depths:3)
  5 entropy weavers
  25 hydras
  4 rakshasas
  18 yaktaur captains
  7 great orbs of eyes
  22 ice dragons
  A monstrous demonspawn (Depths:4)
  A hell beast (Depths:3)
  Harold (D:10)
  4 spriggan air magi
  2 catoblepae
  A ghost crab (shapeshifter) (Vaults:3)
  3 death knights
  Erica (Lair:1)
  An anaconda (Depths:3)
  5 ogre magi
  12 centaur warriors
  2 death yaks (Depths:3)
  A ghost crab (Swamp:2)
  5 alligators
  A satyr (Depths:2)
  8 deep troll shamans
  2 vampire magi
  28 dancing weapons
  7 spriggan berserkers
  A deep troll earth mage (Depths:4)
  Sonja (D:12)
  2 tengu warriors
  An orc high priest (Orc:2)
  A sun demon (Lair:8)
  25 slime creatures
  25 deep elf knights
  An iron troll (Depths:1)
  2 fire crabs
  3 fire crabs (shapeshifter)
  2 salamander mystics
  12 deep trolls
  2 small abominations (Elf:3)
  4 wizards
  6 skeletal warriors
  A giant orange brain (shapeshifter) (Depths:3)
  3 unseen horrors
  A flayed ghost (Vaults:3)
  4 spriggan druids
  An orange crystal statue (Depths:4)
  7 giant orange brains
  10 hill giants
  A putrid demonspawn (Depths:3)
  2 necromancers
  Pikel (D:6)
  4 shambling mangroves
  6 harpies
  13 orc knights
  A lindwurm (Depths:3)
  12 swamp dragons
  22 deep elf archers
  2 phantasmal warriors
  26 ironbrand convokers
  A hornet (shapeshifter) (D:15)
  An orc sorcerer (Orc:1)
  33 ugly things
  87 deep elf magi
  8 hornets
  18 orb spiders
  4 cyclopes
  7 griffons
  25 wolf spiders
  5 oklob plants (Lair:1)
  A shining eye (shapeshifter) (Depths:5)
  5 fauns (Depths:2)
  2 salamanders (shapeshifter)
  A manticore (D:11)
  25 moths of wrath
  A sixfirhy (Lair:8)
  A frost giant skeleton (Depths:3)
  An iron dragon skeleton (Depths:3)
  An octopode (shapeshifter) (Vaults:4)
  An elephant (Lair:8)
  7 salamanders
  4 black mambas
  2 water nymphs (Depths:2)
  An iron giant simulacrum (Depths:3)
  13 vault sentinels
  4 gargoyles
  3 smoke demons
  20 spiny frogs
  2 naga magi (D:15)
  4 orange demons (Lair:8)
  2 ice statues (IceCv)
  2 torpor snails
  A komodo dragon (shapeshifter) (Depths:4)
  A hellion (Depths:4)
  2 rime drakes
  12 freezing wraiths
  15 demonic crawlers
  63 yaktaurs
  14 ice devils
  5 tengu conjurers
  11 komodo dragons
  A yaktaur (shapeshifter) (Depths:1)
  4 red devils
  9 giant leeches
  A polar bear (Lair:4)
  6 trolls
  23 jumping spiders
  A jumping spider (shapeshifter) (Vaults:4)
  10 two-headed ogres
  3 hellwings
  Grinder (D:4)
  3 boulder beetles
  38 blink frogs
  A minotaur skeleton (Lab)
  A harpy skeleton (D:14)
  Prince Ribbit (D:8)
  2 blink frogs (shapeshifter)
  4 bog bodies
  62 redbacks
  A redback (shapeshifter) (Elf:2)
  2 ynoxinuls (Depths:3)
  A centaur simulacrum (D:15)
  A shadow (D:13)
  13 spriggans
  3 wraiths
  A vampire (D:14)
  Eustachio (D:6)
  2 tarantellas (shapeshifter)
  4 air elementals
  28 tarantellas
  6 hogs (Lair:5)
  53 yaks
  A basilisk (shapeshifter) (Vaults:5)
  20 humans (D:14)
  A water elemental (Depths:2)
  A golden eye (shapeshifter) (Depths:1)
  A neqoxec (Depths:2)
  A fire elemental (Elf:3)
  3 wyverns
  5 hungry ghosts
  A yak (shapeshifter) (D:14)
  2 basilisks
  27 vampire mosquitoes
  2 chaos spawn
  Grum (D:9)
  Menkaure (Ossuary)
  11 hippogriffs
  A mottled dragon (D:11)
  A naga (shapeshifter) (Vaults:4)
  11 wargs
  9 insubstantial wisps
  Edmund (D:6)
  22 swamp worms
  5 hell hounds
  11 porcupines
  17 water moccasins
  10 swamp drakes
  A black bear (shapeshifter) (Vaults:3)
  3 black bears
  25 wasps
  55 orc warriors
  3 ice beasts
  4 phantoms
  2 eyes of draining
  2 slaves (D:6)
  4 boggarts
  The ghost of pipel the Skirmisher, an amateur FoCK of Xom (D:3)
  13 wolves
  36 ogres
  4 sky beasts
  A tengu (shapeshifter) (Vaults:5)
  18 crocodiles
  24 centaurs
  A big kobold (D:11)
  A big kobold (shapeshifter) (Vaults:5)
  24 giant frogs
  A gnoll sergeant (Orc:1)
  A wyvern zombie (D:6)
  An earth elemental (Elf:2)
  9 killer bees
  6 scorpions
  7 wights
  A howler monkey (D:6)
  5 electric eels
  9 crimson imps
  7 centaur zombies
  4 lava snakes
  2 quasits (Depths:3)
  4 centaur skeletons
  6 hounds
  A gnoll shaman (D:9)
  4 jellies
  A giant frog skeleton (D:7)
  2 iron imps (Depths:3)
  24 orc priests
  22 orc wizards
  10 iguanas
  13 worker ants
  A killer bee zombie (D:5)
  30 sheep
  A hound zombie (D:7)
  A hound skeleton (D:6)
  3 mummies (Ossuary)
  A gnoll (shapeshifter) (Depths:3)
  15 gnolls
  13 adders
  69 river rats
  A shadow imp (D:11)
  10 white imps (IceCv)
  6 ufetubi
  2 oozes
  An adder skeleton (D:4)
  2 adder zombies
  2 worms (D:2)
  5 giant geckos
  107 orcs
  A ball python (D:1)
  4 bats
  8 giant cockroaches
  5 goblins
  4 hobgoblins (D:1)
  6 jackals
  10 quokkas
  A giant gecko skeleton (D:6)
  9 giant newts
  A gnoll skeleton (Ossuary)
  2 gnoll zombies (Ossuary)
  3 goblin skeletons (Ossuary)
  2 goblin zombies (Ossuary)
  4 hobgoblin zombies (Ossuary)
  15 kobolds
  2 kobold skeletons (Ossuary)
  3 kobold zombies (Ossuary)
  2 orc skeletons (Ossuary)
  4 orc zombies (Ossuary)
  11 rats
  7 rat skeletons (Ossuary)
  3 rat zombies (Ossuary)
  13 briar patches
  2 butterflies (Lair:3)
  3 crawling corpses
  A fire vortex (Depths:1)
  6 fungi
  37 plants
2543 creatures vanquished.

Vanquished Creatures (collateral kills)
  A shadow dragon (Vaults:5)
  A deep elf sorcerer (Elf:3)
  A green draconian (Zot:5)
  A white draconian (Zot:5)
  2 vault guards (Vaults:5)
  A troll (Orc:2)
  3 wargs (D:10)
  4 orc warriors
  2 ogres (D:10)
  An electric eel (D:10)
  An orc priest (Orc:2)
  3 orcs (Orc:2)
21 creatures vanquished.

Vanquished Creatures (others)
  2 ancient liches (Zot:5)
  A Killer Klown (Zot:5)
  A draconian knight (Zot:1)
  4 draconian scorchers
  A deep elf sorcerer (Elf:3)
  A draconian caller (Zot:2)
  A draconian shifter (Zot:5)
  A deep elf annihilator (Elf:3)
  A black draconian (Zot:5)
  An ogre mage (Vaults:4)
  2 deep elf knights (Elf:1)
  A deep elf mage (Elf:3)
  A moth of wrath (Zot:5)
  A jumping spider (Spider:4)
  An orc warrior (Vaults:5)
  An ogre (Vaults:4)
  3 ufetubi
  2 goblin zombies (Ossuary)
  2 hobgoblin skeletons (Ossuary)
  2 hobgoblin zombies (Ossuary)
  3 kobold skeletons (Ossuary)
  2 kobold zombies (Ossuary)
  5 orc skeletons (Ossuary)
  An orc zombie (Ossuary)
  3 briar patches
  A bush (Depths:3)
  A fire vortex (Lair:1)
  14 fungi
  7 plants
67 creatures vanquished.

Grand Total: 2631 creatures vanquished

Notes
Turn   | Place    | Note
--------------------------------------------------------------
     0 | D:1      | kae the Deep Dwarf Fighter began the quest for the Orb.
     0 | D:1      | Reached XP level 1. HP: 20/20 MP: 1/1
    98 | D:1      | Reached skill level 3 in Axes
    98 | D:1      | Reached XP level 2. HP: 18/27 MP: 2/2
   602 | D:2      | Reached XP level 3. HP: 33/33 MP: 3/3
   636 | D:2      | Reached skill level 4 in Axes
   971 | D:3      | Reached XP level 4. HP: 26/40 MP: 4/4
   972 | D:3      | Found a burning altar of Makhleb.
   975 | D:3      | Noticed a green death
   978 | D:3      | Found a glowing silver altar of Zin.
   978 | D:3      | Noticed an angel
  1002 | D:3      | Became a worshipper of Makhleb the Destroyer
  1165 | D:3      | Reached skill level 5 in Axes
  1379 | D:3      | Found a blossoming altar of Fedhas.
  1489 | D:3      | Noticed pipel's ghost (amateur FoCK)
  1501 | D:3      | Killed pipel's ghost
  1501 | D:3      | Reached skill level 6 in Axes
  1501 | D:3      | Reached XP level 5. HP: 46/46 MP: 5/5
  1656 | D:4      | Found a staircase to the Ecumenical Temple.
  1698 | D:4      | Reached * piety under Makhleb
  1706 | D:4      | Noticed a phantom
  1725 | D:4      | Killed a phantom
  1725 | D:4      | Reached skill level 7 in Axes
  1725 | D:4      | Reached XP level 6. HP: 41/55 MP: 6/6
  1762 | D:4      | Noticed Grinder
  1777 | D:4      | Paralysed by Grinder for 4 turns
  1789 | D:4      | Killed Grinder
  1789 | D:4      | Reached skill level 8 in Axes
  1789 | D:4      | Reached XP level 7. HP: 26/61 MP: 7/7
  1842 | D:4      | Gained mutation: You are partially covered in slimy green scales (AC +2). [potion of beneficial mutation]
  2001 | D:4      | Reached skill level 9 in Axes
  2195 | D:5      | Entered Level 5 of the Dungeon
  2229 | D:5      | Reached ** piety under Makhleb
  2325 | D:5      | Found a sand-covered staircase.
  2331 | Ossuary  | Entered an ossuary
  2544 | Ossuary  | Reached *** piety under Makhleb
  2581 | Ossuary  | Noticed Menkaure
  2590 | Ossuary  | Killed Menkaure
  2603 | Ossuary  | Reached skill level 10 in Axes
  2716 | D:5      | Reached XP level 8. HP: 48/68 MP: 8/8
  3103 | D:5      | Reached skill level 11 in Axes
  3484 | D:6      | Reached **** piety under Makhleb
  3513 | D:6      | Noticed Edmund
  3530 | D:6      | Killed Edmund
  3530 | D:6      | Reached skill level 12 in Axes
  3731 | D:6      | Gained mutation: You passively map the area around you. [Deep Dwarf growth]
  3731 | D:6      | Reached XP level 9. HP: 74/74 MP: 9/9
  3774 | D:6      | Found a stormy altar of Qazlal.
  3861 | D:6      | Found an iron altar of Okawaru.
  3926 | D:6      | Noticed Eustachio
  3942 | D:6      | Killed Eustachio
  3942 | D:6      | Reached skill level 13 in Axes
  3957 | D:6      | Found a shimmering altar of Xom.
  3989 | D:6      | Noticed Pikel
  4004 | D:6      | Killed Pikel
  4461 | D:6      | Found an opulent altar of Gozag.
  4461 | D:6      | Found a sparkling altar of Nemelex Xobeh.
  5055 | D:7      | Reached skill level 14 in Axes
  5388 | D:7      | Reached ***** piety under Makhleb
  5620 | D:8      | Found a flagged portal.
  5798 | Bailey   | Entered a bailey
  5909 | D:8      | Reached skill level 5 in Fighting
  5920 | D:8      | Noticed Prince Ribbit
  5925 | D:8      | Killed Prince Ribbit
  5925 | D:8      | Reached XP level 10. HP: 88/88 MP: 10/10
  6012 | D:8      | Found Ishui's General Store.
  6057 | D:8      | Found Rynwaec's General Store.
  6149 | D:8      | Reached skill level 1 in Invocations
  6207 | D:8      | Found Ybus's Armour Boutique.
  6350 | D:8      | Found a white marble altar of Elyvilon.
  6773 | D:9      | Found a radiant altar of Vehumet.
  6776 | D:9      | Identified Vehumet's Disquisition on Conjuration
  6778 | D:9      | Found an ancient bone altar of Kikubaaqudgha.
  6779 | D:9      | Found a deep blue altar of Sif Muna.
  6798 | D:9      | Found a staircase to the Lair.
  6893 | D:9      | Reached skill level 15 in Axes
  7029 | Lair:1   | Entered Level 1 of the Lair of Beasts
  7029 | Lair:1   | Noticed Grum
  7072 | D:9      | Killed Grum
  7072 | D:9      | Reached skill level 5 in Invocations
  7261 | Lair:1   | Noticed an oklob plant
  7261 | Lair:1   | Noticed an oklob plant
  7714 | Lair:1   | Noticed Erica
  7730 | Lair:1   | Killed Erica
  7730 | Lair:1   | Reached ****** piety under Makhleb
  7730 | Lair:1   | Reached skill level 16 in Axes
  7730 | Lair:1   | Reached XP level 11. HP: 56/94 MP: 14/16
  7788 | Lair:1   | You fall through a shaft!
  8051 | Lair:1   | Noticed an oklob plant
  8087 | Lair:1   | Noticed an oklob plant
  8547 | Lair:2   | Noticed an eight-headed hydra
  8563 | Lair:2   | Killed a two-headed hydra
  8563 | Lair:2   | Reached skill level 1 in Dodging
  8678 | Lair:2   | Noticed an eight-headed hydra
  8687 | Lair:2   | Killed a four-headed hydra
  8723 | Lair:2   | Noticed a five-headed hydra
  8737 | Lair:2   | Killed a one-headed hydra
  9063 | Lair:3   | Noticed a five-headed hydra
  9073 | Lair:3   | Killed a one-headed hydra
  9073 | Lair:3   | Reached skill level 5 in Armour
  9073 | Lair:3   | Reached skill level 10 in Invocations
  9632 | Lair:3   | Noticed a griffon
  9639 | Lair:3   | Killed a griffon
  9871 | Lair:3   | Found a staircase to the Swamp.
  9881 | Lair:3   | Reached XP level 12. HP: 101/103 MP: 20/20
 10090 | Lair:4   | Reached skill level 5 in Dodging
 10634 | Lair:4   | Noticed a seven-headed hydra
 10645 | Lair:4   | Killed a one-headed hydra
 11062 | Lair:5   | Found a hole to the Spider Nest.
 11124 | Lair:5   | Noticed Maud
 11156 | Lair:5   | Killed Maud
 11212 | Lair:5   | Noticed Kirke
 11229 | Lair:5   | Killed Kirke
 11270 | Lair:5   | Noticed a six-headed hydra
 11280 | Lair:5   | Killed a one-headed hydra
 11679 | Lair:5   | Reached XP level 13. HP: 109/109 MP: 23/23
 13220 | Lair:7   | Reached skill level 10 in Armour
 13672 | Lair:8   | Entered Level 8 of the Lair of Beasts
 13683 | Lair:8   | Reached skill level 10 in Dodging
 13801 | Lair:8   | Got a pair of smoking gloves
 13815 | Lair:8   | Identified the +1 pair of gloves of the Seven Souls {rElec Slay+2} (You found it on level 8 of the Lair of Beasts)
 14069 | Lair:8   | Found a viscous altar of Jiyva.
 14069 | Lair:8   | Found a staircase to the Slime Pits.
 14266 | Lair:8   | Found a dark tunnel.
 14306 | Volcano  | Entered a volcano
 14767 | Lair:8   | Gained mutation: You resist negative energy. [Deep Dwarf growth]
 14767 | Lair:8   | Reached XP level 14. HP: 95/123 MP: 24/24
 15047 | Lair:8   | Found a burning altar of Makhleb.
 15084 | Lair:8   | Found a gateway to Hell.
 15351 | D:10     | Entered Level 10 of the Dungeon
 15605 | D:10     | Got a pair of scorched boots
 15616 | D:10     | Identified the +0 pair of boots of Serendipity {rC+ Dex+3} (You found it on level 10 of the Dungeon)
 15652 | D:10     | Noticed Harold
 15673 | D:10     | Killed Harold
 15829 | D:10     | Found a staircase to the Orcish Mines.
 15958 | D:10     | Found Coihaxkod's Gadget Shoppe.
 16497 | Orc:1    | Entered Level 1 of the Orcish Mines
 16612 | Orc:2    | Entered Level 2 of the Orcish Mines
 16634 | Orc:2    | Found a staircase to the Elven Halls.
 17087 | Orc:2    | Noticed Saint Roka
 17124 | Orc:2    | Killed Saint Roka
 17136 | Orc:2    | Found Pacuv's Antique Weapon Shoppe.
 17138 | Orc:2    | Found Plog's Antique Armour Emporium.
 17138 | Orc:2    | Found a roughly hewn altar of Beogh.
 17146 | Orc:2    | Bought a pitted war axe for 331 gold pieces
 17152 | Orc:2    | Bought a scorched plate armour for 952 gold pieces
 17166 | Orc:2    | Identified the +3 war axe "Astocse" {freeze, *Corrode rElec Int+2 Dex+6} (You bought it in a shop on level 2 of the Orcish Mines)
 17177 | Orc:2    | Identified the +8 plate armour "Hablolis" {Regen+} (You bought it in a shop on level 2 of the Orcish Mines)
 17224 | Orc:2    | Found a roughly hewn altar of Beogh.
 17309 | Orc:2    | Found a roughly hewn altar of Beogh.
 17337 | Orc:2    | Found Kesaass's Book Shop.
 17388 | Orc:2    | Found a roughly hewn altar of Beogh.
 17424 | Orc:2    | Found a roughly hewn altar of Beogh.
 17464 | Orc:2    | Found a roughly hewn altar of Beogh.
 17558 | Orc:2    | Found a roughly hewn altar of Beogh.
 17596 | Orc:2    | Found Mecim's Book Emporium.
 17865 | Orc:1    | Paralysed by an orc sorcerer for 5 turns
 18428 | D:11     | Found a blossoming altar of Fedhas.
 18528 | D:12     | Found a shattered altar of Ashenzari.
 18627 | D:12     | Reached XP level 15. HP: 136/136 MP: 25/25
 18892 | D:12     | Noticed Sonja
 18905 | D:12     | Killed Sonja
 19650 | D:13     | Reached skill level 10 in Fighting
 19945 | D:14     | Found a labyrinth entrance.
 19964 | Lab      | Entered a labyrinth
 21906 | Lab      | Got a heavily runed plate armour
 21962 | Lab      | Identified the +13 plate armour of Supple Strength {rC+} (You found it in a labyrinth)
 22019 | D:14     | Found a stormy altar of Qazlal.
 22141 | D:14     | Noticed Frances
 22169 | D:14     | Killed Frances
 22231 | D:14     | Found a roughly hewn altar of Beogh.
 22432 | D:14     | Found a gate to the Vaults.
 22567 | D:14     | Noticed Roxanne
 22937 | D:14     | Identified a scroll of acquirement
 22959 | D:15     | Entered Level 15 of the Dungeon
 23501 | D:15     | Found a staircase to the Depths.
 23514 | D:15     | Reached XP level 16. HP: 150/150 MP: 26/26
 24235 | Elf:1    | Entered Level 1 of the Elven Halls
 24754 | Elf:1    | Reached skill level 17 in Axes
 24781 | Elf:1    | Identified the Handbook of Combat Magic and Companions
 25294 | Elf:2    | Reached skill level 18 in Axes
 25369 | Elf:2    | Found a runed gate.
 25372 | Elf:2    | Found a runed gate.
 25373 | Elf:2    | Found a runed gate.
 25940 | Elf:2    | Reached XP level 17. HP: 162/162 MP: 0/27
 25960 | Elf:2    | Noticed a deep elf blademaster
 25988 | Elf:2    | Killed a deep elf blademaster
 26031 | Elf:2    | Reached skill level 5 in Shields
 26381 | Elf:3    | Entered Level 3 of the Elven Halls
 26802 | Elf:3    | Found Xuybau's Magic Scroll Emporium.
 26816 | Elf:3    | Bought a scroll of blinking for 75 gold pieces
 26816 | Elf:3    | Bought a scroll of teleportation for 30 gold pieces
 26816 | Elf:3    | Bought a scroll of identify for 20 gold pieces
 26816 | Elf:3    | Bought a scroll of teleportation for 30 gold pieces
 26816 | Elf:3    | Bought a scroll of teleportation for 30 gold pieces
 26816 | Elf:3    | Bought a scroll of identify for 20 gold pieces
 26816 | Elf:3    | Bought a scroll of identify for 20 gold pieces
 26816 | Elf:3    | Bought a scroll of enchant armour for 75 gold pieces
 26816 | Elf:3    | Bought a scroll of magic mapping for 35 gold pieces
 27049 | Elf:3    | Noticed a deep elf blademaster
 27087 | Elf:3    | Killed a deep elf blademaster
 27126 | Elf:3    | Reached skill level 10 in Shields
 27138 | Elf:3    | Noticed a deep elf master archer
 27151 | Elf:3    | Killed a deep elf master archer
 27179 | Elf:3    | Noticed a Tzitzimitl
 27181 | Elf:3    | Noticed an Ice Fiend
 27213 | Elf:3    | Gained mutation: You are robust (+10% HP). [potion of beneficial mutation]
 27232 | Elf:3    | Noticed an Ice Fiend
 27463 | Elf:3    | Noticed a deep elf blademaster
 27489 | Elf:3    | Killed a deep elf blademaster
 27616 | Elf:3    | Gained mutation: You passively map a large area around you. [Deep Dwarf growth]
 27616 | Elf:3    | Reached XP level 18. HP: 188/188 MP: 5/26
 27856 | Elf:3    | Got a vibrating wooden ring
 27920 | Elf:3    | Identified the ring of Yqayff {+Fly rN+ Dex+4} (You found it on level 3 of the Elven Halls)
 28276 | Spider:1 | Entered Level 1 of the Spider Nest
 29017 | Spider:2 | Reached skill level 15 in Shields
 29760 | Spider:2 | Reached skill level 15 in Invocations
 30806 | Spider:4 | Entered Level 4 of the Spider Nest
 30835 | Spider:4 | Found a frozen archway.
 30967 | IceCv    | Entered an ice cave
 30970 | IceCv    | Reached skill level 15 in Armour
 30970 | IceCv    | Reached skill level 15 in Dodging
 30970 | IceCv    | Reached XP level 19. HP: 163/195 MP: 29/29
 31629 | Spider:4 | Reached XP level 20. HP: 206/206 MP: 2/30
 31663 | Spider:4 | Got a gossamer rune of Zot
 32136 | Lair:1   | Gained mutation: You evolve. [potion of beneficial mutation]
 32229 | Swamp:1  | Entered Level 1 of the Swamp
 32940 | Swamp:2  | Reached skill level 1 in Evocations
 33235 | Swamp:2  | Reached skill level 5 in Evocations
 34486 | Swamp:4  | Entered Level 4 of the Swamp
 34633 | Swamp:4  | Lost mutation: You are robust (+10% HP). [evolution]
 34906 | Swamp:4  | Reached skill level 19 in Axes
 34924 | Swamp:4  | Noticed the 27-headed Lernaean hydra
 34941 | Swamp:4  | Killed the 17-headed Lernaean hydra
 35072 | Swamp:4  | Got a decaying rune of Zot
 35397 | Vaults:1 | Entered Level 1 of the Vaults
 35986 | Vaults:1 | Reached skill level 20 in Axes
 36358 | Vaults:2 | Found Ixat's Armour Emporium.
 36396 | Vaults:2 | Found Sokhuh's Armour Shoppe.
 36898 | Vaults:2 | Reached XP level 21. HP: 195/195 MP: 31/31
 37045 | Vaults:2 | Reached skill level 21 in Axes
 37223 | Vaults:2 | Found Lunafrach's Antique Armour Boutique.
 37942 | Vaults:3 | Reached skill level 22 in Axes
 38475 | Vaults:3 | Found a staircase to the Crypt.
 38475 | Vaults:3 | Found a basalt altar of Yredelemnul.
 38476 | Vaults:3 | Found an ancient bone altar of Kikubaaqudgha.
 38779 | Vaults:4 | Reached skill level 23 in Axes
 39352 | Vaults:4 | Reached XP level 22. HP: 204/204 MP: 32/32
 39589 | Vaults:4 | Reached skill level 24 in Axes
 39982 | Vaults:4 | Found a gateway to a bazaar.
 39991 | Bazaar   | Entered a bazaar
 40008 | Bazaar   | Found Kimekus's Antique Weapon Emporium.
 40023 | Bazaar   | Found Couriy's Armour Shoppe.
 40023 | Bazaar   | Found Naut's Book Emporium.
 40231 | Vaults:5 | Entered Level 5 of the Vaults
 40283 | Vaults:5 | Reached skill level 25 in Axes
 40686 | Vaults:5 | Reached skill level 26 in Axes
 40789 | Vaults:5 | Got a silver rune of Zot
 40791 | Vaults:5 | Got a flickering platinum ring
 41120 | Vaults:5 | Reached XP level 23. HP: 211/211 MP: 2/33
 41223 | Vaults:5 | Identified the ring "Zunlifer" {*Tele +Blink rN+ MR-} (You found it on level 5 of the Vaults)
 41443 | Vaults:5 | Reached skill level 27 in Axes
 42095 | Depths:1 | Entered Level 1 of the Depths
 42095 | Depths:1 | Found a gateway to a ziggurat.
 42633 | Depths:1 | Found a magical portal.
 42682 | Depths:1 | Noticed Mara
 42697 | Depths:1 | Noticed kae's illusion
 42969 | Depths:1 | Got a polished demon blade {freeze}
 42990 | Depths:1 | Reached skill level 15 in Fighting
 43241 | Depths:1 | Killed Mara
 44221 | Depths:2 | Found a one-way gate leading to the halls of Pandemonium.
 44530 | Depths:2 | Noticed the Enchantress
 44545 | Depths:2 | Killed the Enchantress
 44601 | Depths:2 | Got a shimmering emerald amulet
 44806 | Depths:3 | Noticed Wiglaf
 44828 | Depths:3 | Reached XP level 24. HP: 231/231 MP: 0/31
 44829 | Depths:3 | Killed Wiglaf
 44957 | Depths:3 | Found a corrupted altar of Lugonu.
 44958 | Depths:3 | Found a one-way gate to the infinite horrors of the Abyss.
 44990 | Depths:3 | Identified the cursed +1 demon blade "Vocyt" {freeze, *Confuse rF+ Dex+6} (You took it off a salamander on level 1 of the Depths)
 44991 | Depths:3 | Identified the amulet "Xufakamu" {Spirit rC+ Dex+6} (You found it on level 2 of the Depths)
 45003 | Depths:3 | Got a clouded ivory ring
 45009 | Depths:3 | Identified the ring of Amorality {SustAt rC+ rN+ MP-9 Int+3} (You found it on level 3 of the Depths)
 45203 | Depths:3 | Found Unuol's Food Shoppe.
 46143 | Depths:2 | Gained mutation: You have a pair of small horns on your head. [evolution]
 46309 | Depths:4 | Noticed Xtahua
 46320 | Depths:4 | Killed Xtahua
 46402 | Depths:4 | Found a runed door.
 46977 | Depths:4 | Found a runed door.
 46983 | Depths:4 | Noticed a juggernaut
 47011 | Depths:4 | Killed a juggernaut
 47281 | Depths:5 | Entered Level 5 of the Depths
 47539 | Depths:5 | Noticed a juggernaut
 47551 | Depths:5 | Killed a juggernaut
 47551 | Depths:5 | Reached XP level 25. HP: 247/247 MP: 0/31
 47629 | Depths:5 | Noticed Jorgrun
 47643 | Depths:5 | Killed Jorgrun
 47878 | Depths:5 | Found a gate to the Realm of Zot.
 48895 | Zot:1    | Entered Level 1 of the Realm of Zot
 50860 | Zot:2    | Reached XP level 26. HP: 255/255 MP: 0/28
 51157 | Zot:2    | Gained mutation: You are clumsy. (Dex -2) [mutagenic glow]
 51209 | Zot:2    | Gained mutation: You are weak. (Str -2) [mutagenic glow]
 53423 | Zot:4    | Got a jewelled battleaxe
 53424 | Zot:4    | Identified the +11 battleaxe "Gohiri Pyodgh" {drain, -Tele +Inv rElec rF-} (You found it on level 4 of the Realm of Zot)
 53566 | Zot:4    | Reached XP level 27. HP: 259/259 MP: 0/28
 53848 | Zot:5    | Entered Level 5 of the Realm of Zot
 54241 | Zot:5    | Noticed an ancient lich
 54250 | Zot:5    | Killed an ancient lich
 54264 | Zot:5    | Noticed an ancient lich
 54265 | Zot:5    | Noticed an ancient lich
 54277 | Zot:5    | Killed an ancient lich
 54284 | Zot:5    | Killed an ancient lich
 54335 | Zot:5    | Noticed an orb of fire
 54351 | Zot:5    | Gained mutation: Your body sometimes deteriorates upon taking damage. [an orb of fire]
 54363 | Zot:5    | Noticed an ancient lich
 54368 | Zot:5    | Noticed an orb of fire
 54373 | Zot:5    | Killed an orb of fire
 54382 | Zot:5    | Noticed an ancient lich
 54398 | Zot:5    | Killed an ancient lich
 54413 | Zot:5    | Killed an ancient lich
 54414 | Zot:5    | Killed an orb of fire
 54421 | Zot:5    | Gained mutation: Your body often deteriorates upon taking damage. [a cacodemon]
 54449 | Zot:5    | Noticed an ancient lich
 54468 | Zot:5    | Killed an ancient lich
 54594 | Zot:5    | Noticed an orb of fire
 54594 | Zot:5    | Gained mutation: You are frail (-10% HP). [an orb of fire]
 54595 | Zot:5    | Gained mutation: You expend magic power (3 MP) to strengthen your wands. [an orb of fire]
 54596 | Zot:5    | Gained mutation: Your magical capacity is low (-10% MP). [an orb of fire]
 54603 | Zot:5    | Gained mutation: Your magical capacity is very low (-20% MP). [an orb of fire]
 54611 | Zot:5    | HP: 4/235 [orb of fire/fireball (50)]
 54611 | Zot:5    | Killed from afar by an orb of fire

Skill      XL: |  1  2  3  4  5  6  7  8  9 10 11 12 13 14 15 16 17 18 19 20 21 22 23 24 25 26 27 |
---------------+----------------------------------------------------------------------------------+-----
Axes           | 3 4 6 7 8 10 12 14 16 18 20 23 26 27 | 27.0
Fighting       | 5 7 9 11 12 13 16 18 | 18.6
Invocations    | 6 10 14 16 | 16.0
Dodging        | 4 7 10 12 14 15 18 20 | 20.8
Armour         | 5 8 10 12 14 15 18 20 | 20.8
Shields        | 13 15 17 22 | 22.0
Evocations     | 8 |  8.0

Action                   |  1- 3 |  4- 6 |  7- 9 | 10-12 | 13-15 | 16-18 | 19-21 | 22-24 | 25-27 || total
-------------------------+-------+-------+-------+-------+-------+-------+-------+-------+-------++-------
Melee: War axe           |   136 |   108 |   480 |   633 |  1671 |       |       |       |       ||  3028
       Broad axe         |       |       |       |       |    58 |  1472 |  1747 |  1906 |  1628 ||  6811
       Headbutt          |       |       |       |       |       |       |       |   191 |   603 ||   794
Invok: Greater Servant o |       |       |       |       |     4 |     2 |       |     4 |     4 ||    14
       Lesser Servant of |       |       |       |       |     1 |       |     1 |     1 |       ||     3
 Abil: Device Recharging |       |       |       |       |       |     2 |       |     2 |     3 ||     7
Evoke: Wand              |     1 |     1 |     7 |     8 |     6 |    11 |       |     9 |    27 ||    70
  Use: Potion            |       |     2 |     3 |     2 |     3 |     5 |     1 |     3 |     9 ||    28
       Scroll            |       |     7 |    19 |    13 |    13 |    11 |     9 |    14 |     8 ||    94
 Stab: Petrified         |       |       |       |       |     2 |       |       |       |       ||     2
       Distracted        |       |       |       |       |     2 |       |       |     3 |     1 ||     6
  Eat: Chunk             |     1 |     3 |    15 |    18 |    28 |    10 |    21 |     5 |     7 ||   108
       Bread ration      |       |       |       |       |     1 |       |     2 |     1 |       ||     4
       Royal jelly       |       |       |       |       |     1 |       |       |     1 |     1 ||     3
       Fruit             |       |       |       |       |     4 |       |       |     3 |     4 ||    11
       Meat ration       |       |       |       |       |     3 |     1 |       |     2 |     2 ||     8
       Pizza             |       |       |       |       |       |     2 |       |     2 |     2 ||     6
       Beef jerky        |       |       |       |       |       |     2 |       |     1 |     2 ||     5
Armor: Scale mail        |    59 |    52 |   158 |   176 |   169 |       |       |       |       ||   614
       Skin              |       |       |     4 |       |       |       |       |       |       ||     4
       Plate armour      |       |       |       |       |   339 |   486 |   541 |   565 |   630 ||  2561
Dodge: Dodged            |    38 |    34 |   141 |   241 |   929 |   630 |   659 |   729 |   625 ||  4026
Block: Shield            |    53 |    55 |   189 |   265 |   819 |   793 |  1352 |  1360 |   293 ||  5179
       Large shield      |       |       |       |       |       |       |       |       |  1247 ||  1247
